 Dungeon Crawl Stone Soup version 0.20-a0-1127-g1289703 (webtiles) character file.

4680 defa the Thaumaturge (level 10, 0/51 HPs)
             Began as a Deep Elf Conjurer on May 18, 2017.
             Was an Initiate of Vehumet.
             Slain by a two-headed ogre
             ... wielding a +0 giant club
              (36 damage)
             ... on level 8 of the Dungeon.
             The game lasted 01:00:36 (9818 turns).

defa the Thaumaturge (Deep Elf Conjurer)            Turns: 9818, Time: 01:00:36

Health: 0/51       AC:  3    Str:  5    XL:     10   Next: 21%
Magic:  13/37      EV: 13    Int: 24    God:    Vehumet [......]
Gold:   357        SH:  0    Dex: 15    Spells: 15/33 levels left

rFire    . . .     SeeInvis +   e - +9 staff of Olgreb {rPois}
rCold    . . .     Gourm    .   (no shield)
rNeg     . . .     Faith    .   a - +0 robe
rPois    ∞         Spirit   .   (no helmet)
rElec    .         Reflect  .   v - +0 cloak
rCorr    .         Harm     .   (no gloves)
MR       +....                  (no boots)
Stlth    ++........             (no amulet)
Regen    0.2/turn               k - ring of see invisible
MPRegen  0.3/turn               m - ring of magical power

@: no status effects
A: no striking features
a: Renounce Religion


You were on level 8 of the Dungeon.
You worshipped Vehumet.
Vehumet was noncommittal.
You were not hungry.

You visited 2 branches of the dungeon, and saw 9 of its levels.

You collected 357 gold pieces.

Inventory:

Hand Weapons
 d - a +1 short sword of venom
 e - the +9 staff of Olgreb (weapon) {rPois}
   (You found it on level 5 of the Dungeon)

   It protects you from poison.
 f - a +0 short sword
 o - a +1 dagger of freezing
 u - a +4 quarterstaff of chaos
Armour
 a - a +0 robe (worn)
 v - a +0 cloak (worn)
Jewellery
 k - a ring of see invisible (left hand)
 m - a ring of magical power (right hand)
 x - a +3 ring of strength
Wands
 r - a wand of polymorph (10/24)
 s - a wand of acid (7/15)
 z - a wand of iceblast (6/15)
 A - a wand of polymorph (9/24)
Scrolls
 g - 3 scrolls of teleportation
 h - 3 scrolls of remove curse
 i - a scroll of fog {unknown}
 p - 3 scrolls of enchant weapon {unknown}
 y - a scroll of blinking {unknown}
 B - a scroll of magic mapping {unknown}
 C - a scroll of identify
 D - a scroll of torment {unknown}
 E - a scroll of immolation {unknown}
 F - a scroll of fear {unknown}
Potions
 j - a potion of heal wounds {unknown}
 l - 2 potions of haste {unknown}
 n - a potion of degeneration {unknown}
 q - a potion of agility {unknown}
 t - 2 potions of flight {unknown}
 w - a potion of might {unknown}
Books
 b - a book of Conjurations

   Spells                             Type                      Level
   a - Magic Dart                     Conjuration                  1
   b - Searing Ray                    Conjuration                  2
   c - Dazzling Spray                 Conjuration/Hexes            3
   d - Fulminant Prism                Conjuration/Hexes            4
   e - Force Lance                    Conjuration/Translocation    4
   f - Iskenderun's Mystic Blast      Conjuration                  4
Comestibles
 c - 5 bread rations


   Skills:
 - Level 0.4 Fighting
 - Level 1.1 Short Blades
 - Level 1.2 Staves
 - Level 3.0 Dodging
 - Level 3.2 Stealth
 + Level 12.3 Spellcasting
 + Level 10.8 Conjurations
 * Level 8.4 Hexes


You had 15 spell levels left.
You knew the following spells:

 Your Spells              Type           Power        Failure   Level  Hunger
a - Magic Dart            Conj           ####         1%          1    None
b - Searing Ray           Conj           ######       1%          2    None
c - Dazzling Spray        Conj/Hex       ######       1%          3    None
d - Iskenderun's Mystic   Conj           ######..     1%          4    None
e - Fulminant Prism       Conj/Hex       ######....   1%          4    None
f - Force Lance           Conj/Tloc      #####...     4%          4    None


Dungeon Overview and Level Annotations

Branches:
Dungeon (8/15)             Temple (1/1) D:7
   Lair: D:8-11

Altars:
Cheibriados
Fedhas
Makhleb
Ru
Uskayaw
Vehumet
Xom
Yredelemnul

Shops:
D:4 (   D:5 (   D:7 (


Message History

The two-headed ogre hits you with a giant club!
The two-headed ogre hits you with a giant club.
Casting: Force Lance
Confirm with . or Enter, or press ? or * to list all spells.
Aiming: Force Lance
Press: ? - help, Shift-Dir - straight line, f/p - two-headed ogre
Aim: a two-headed ogre, wielding two giant clubs (severely wounded)
The lance of force misses the two-headed ogre.
You hear an angry hiss.
Casting: Force Lance
Confirm with . or Enter, or press ? or * to list all spells.
Aiming: Iskenderun's Mystic Blast
Press: ? - help, Shift-Dir - straight line, f/p - two-headed ogre
Aim: a two-headed ogre, wielding two giant clubs (severely wounded)
The orb of energy hits the two-headed ogre.
The two-headed ogre is almost dead.
The orb of energy explodes!
The two-headed ogre hits you with a giant club!!!
Ouch! That really hurt!
You die...

#. # ## . ##### #...#
#...# ##.####...# #
...
#.[(.O@...#....#.#..#
....####...##.#...#..#
# #...##.#......##
#..<##...# ....#
##.##...### #..##
#..###.#......# #...#
#.............###....
#.#..................
#.####......###.###


You could see a two-headed ogre.

Vanquished Creatures
  Grinder (D:6)
  3 yaks
  A steam dragon (D:8)
  Edmund (D:4)
  Duvessa (D:5)
  3 water moccasins (D:5)
  5 soldier ants (D:5)
  A sky beast (D:5)
  An orc warrior (D:8)
  A phantom (D:7)
  An ice beast (D:5)
  2 ogres (D:5)
  A necrophage (D:5)
  A centaur (D:5)
  4 bullfrogs
  Dowan (D:5)
  6 scorpions
  8 killer bees (D:5)
  4 wights (D:7)
  A bullfrog zombie (D:8)
  7 crimson imps
  2 jellies
  2 orc priests
  Crazy Yiuf (D:4)
  A bullfrog skeleton (D:8)
  An orc wizard (D:7)
  Terence (D:2)
  2 iguanas
  6 worker ants
  A killer bee zombie (D:6)
  3 hound skeletons (D:4)
  A mummy (D:5)
  A worker ant zombie (D:5)
  Robin (D:2)
  9 adders
  2 shadow imps (D:7)
  2 oozes (D:4)
  2 adder zombies
  An adder skeleton (D:5)
  2 worms
  5 dart slugs
  4 leopard geckos
  19 orcs
  7 giant cockroaches
  16 goblins
  13 hobgoblins
  8 jackals
  4 quokkas
  A ball python (D:6)
  6 bats
  2 frilled lizards
  A goblin zombie (D:5)
  11 kobolds
  A leopard gecko skeleton (D:5)
  An orc zombie (D:5)
  2 quokka skeletons
  A quokka zombie (D:5)
  5 rats
202 creatures vanquished.

Vanquished Creatures (others)
  An adder (D:8)
  36 fulminant prisms
37 creatures vanquished.

Grand Total: 239 creatures vanquished

Notes
Turn   | Place    | Note
-------+----------+-------------------------------------------
     0 | D:1      | defa the Deep Elf Conjurer began the quest for the Orb.
     0 | D:1      | Reached XP level 1. HP: 10/10 MP: 6/6
   168 | D:1      | Reached XP level 2. HP: 15/15 MP: 6/8
   357 | D:1      | Reached skill level 5 in Conjurations
   522 | D:1      | Reached XP level 3. HP: 18/19 MP: 9/9
  1229 | D:2      | Learned a level 2 spell: Searing Ray
  1241 | D:2      | Noticed Terence
  1272 | D:2      | Reached XP level 4. HP: 18/24 MP: 11/11
  1353 | D:2      | Killed Terence
  1726 | D:3      | Noticed Robin
  1772 | D:3      | Reached skill level 4 in Spellcasting
  1793 | D:2      | Killed Robin
  2155 | D:3      | Reached skill level 1 in Short Blades
  2495 | D:3      | Reached XP level 5. HP: 28/28 MP: 13/13
  2509 | D:3      | Learned a level 3 spell: Dazzling Spray
  2514 | D:3      | Learned a level 4 spell: Iskenderun's Mystic Blast
  2883 | D:4      | Found Olehieq's Antique Weapon Shop.
  3076 | D:4      | Reached skill level 5 in Spellcasting
  3260 | D:4      | Found a runed door.
  3264 | D:4      | Noticed Crazy Yiuf
  3444 | D:4      | Killed Crazy Yiuf
  3444 | D:4      | Reached XP level 6. HP: 26/33 MP: 5/15
  3917 | D:5      | Entered Level 5 of the Dungeon
  3975 | D:5      | Found Hailyat's Antique Weapon Emporium.
  4009 | D:5      | Noticed Duvessa
  4154 | D:5      | Reached skill level 6 in Spellcasting
  4154 | D:5      | Reached skill level 1 in Hexes
  4222 | D:5      | Noticed Edmund
  4264 | D:5      | Noticed a sky beast
  4275 | D:5      | Killed a sky beast
  4275 | D:5      | Reached XP level 7. HP: 37/37 MP: 3/18
  4510 | D:5      | Reached skill level 1 in Staves
  4510 | D:5      | Reached skill level 7 in Spellcasting
  4660 | D:5      | Noticed Dowan
  4867 | D:5      | Learned a level 4 spell: Fulminant Prism
  5028 | D:4      | Killed Edmund
  5168 | D:5      | Found a runed gate.
  5170 | D:5      | Found a runed door.
  5177 | D:5      | Found a runed gate.
  5177 | D:5      | Found a runed gate.
  5185 | D:5      | Found a runed door.
  5452 | D:5      | Reached skill level 8 in Spellcasting
  5452 | D:5      | Reached XP level 8. HP: 37/42 MP: 17/22
  5753 | D:5      | Reached skill level 9 in Spellcasting
  5865 | D:5      | Reached skill level 5 in Hexes
  6156 | D:5      | Killed Duvessa
  6156 | D:5      | Reached XP level 9. HP: 46/46 MP: 15/24
  6160 | D:5      | Killed Dowan
  6160 | D:5      | Reached skill level 10 in Spellcasting
  6409 | D:5      | Learned a level 4 spell: Force Lance
  7444 | D:6      | Reached skill level 11 in Spellcasting
  7444 | D:6      | Reached skill level 10 in Conjurations
  7914 | D:6      | Noticed Grinder
  7923 | D:6      | Killed Grinder
  8729 | D:7      | Found a sacrificial altar of Ru.
  8840 | D:7      | Reached XP level 10. HP: 47/51 MP: 17/27
  9075 | D:7      | Found a staircase to the Ecumenical Temple.
  9085 | D:7      | Reached skill level 12 in Spellcasting
  9173 | Temple   | Entered the Ecumenical Temple
  9184 | Temple   | Became a worshipper of Vehumet
  9362 | D:7      | Found Heppop's Weapon Boutique.
  9813 | D:8      | Noticed a two-headed ogre
  9818 | D:8      | Slain by a two-headed ogre

Vault maps used:
D:1:      dpeg_arrival_concentric_ovals
D:2:      uniq_terence
D:3:      uniq_robin
D:4:      first_bread, serial_shops, shop, uniq_crazy_yiuf_cottage
D:5:      nicolae_ossuary_entry_giza, serial_shops, kennysheep_little_box,
          minmay_guarded_unrand_staff_of_olgreb, uniq_duvessa, uniq_edmund
D:6:      uniq_grinder
D:7:      kennysheep_mini, minmay_temple_entry_water_ring, serial_shops, shop
D:8:      cheibrodos_steamvent
Temple:   nicolae_temple_the_god_donut

Skill      XL: |  1  2  3  4  5  6  7  8  9 10 |
---------------+-------------------------------+-----
Conjurations   | 5 6 7 8 9 10 | 10.8
Stealth        | 3 |  3.2
Spellcasting   | 4 5 6 8 9 11 12 | 12.3
Short Blades   | 1 |  1.1
Dodging        | 3 |  3.0
Hexes          | 1 2 5 7 8 |  8.4
Staves         | 1 |  1.2
Fighting       | |  0.4

Action                   |  1- 3 |  4- 6 |  7- 9 | 10-12 || total
-------------------------+-------+-------+-------+-------++-------
Melee: Short sword       |    50 |    60 |       |       ||   110
       Quarterstaff      |       |    11 |     5 |       ||    16
       Staff             |       |       |    13 |     6 ||    19
 Cast: Magic Dart        |    48 |    55 |    91 |    39 ||   233
       Searing Ray       |       |     6 |     5 |     2 ||    13
       Dazzling Spray    |       |    11 |    41 |     5 ||    57
       Iskenderun's Myst |       |     1 |    49 |     8 ||    58
       Fulminant Prism   |       |       |    27 |    10 ||    37
       Force Lance       |       |       |     2 |     3 ||     5
  Use: Potion            |     2 |       |     2 |       ||     4
       Scroll            |       |       |     4 |       ||     4
 Stab: Sleeping          |     3 |     4 |       |       ||     7
       Confused          |       |     1 |       |       ||     1
  Eat: Chunk             |     1 |     8 |     7 |       ||    16
       Bread ration      |       |     1 |       |     1 ||     2
       Fruit             |       |       |     2 |       ||     2
       Meat ration       |       |       |     1 |       ||     1
Armor: Robe              |     6 |     7 |    11 |     1 ||    25
Dodge: Dodged            |    25 |    60 |    36 |     4 ||   125
